Map: Heavy Artillery LE

Players

pullthetrick

  • Race: Terran Terran
  • Spawn Location: 1:00

Dufflistic

  • Race: Protoss Protoss
  • Spawn Location: 3:00

Ewa

  • Race: Zerg Zerg
  • Spawn Location: 7:00

Esgob

  • Race: Zerg Zerg
  • League: Diamond
  • Spawn Location: 7:00

VOD

Have the link to the VOD?

Description

Time

  • Played on: Sept. 10, 2022, 6:09 p.m.
  • Length: 14:54
Show
View Real Time Build Order
Export as new Build Order

pullthetrick Terran 

Build Orders: 1/1/1, Hellion Banshee 

Get SALT Encoding   

  12  0:00  SCV  
  13  0:12  SCV  
  14  0:18  Supply Depot  
  14  0:24  SCV  
  15  0:31  Refinery  
  15  0:43  Barracks  
  15  0:45  SCV  
  16  0:52  Refinery  
  16  0:59  SCV  
  17  1:11  SCV  
  18  1:31  Factory  
  18  1:34  Orbital Command  
  18  1:35  Barracks Reactor  
  18  1:44  Supply Depot  
  18  1:59  SCV  
  19  2:11  SCV  
  20  2:20  Starport  
  20  2:22  Hellion x2  
  24  2:30  SCV  
  24  2:33  Barracks Tech Lab  
  25  2:37  Supply Depot  
  27  2:44  Hellion  
  27  2:45  Hellion  
  31  3:06  Banshee  
  31  3:09  Hellion x2  
  36  3:18  Barracks Tech Lab  
  36  3:20  SCV  
  36  3:25  Supply Depot  
  37  3:33  Hellion, SCV  
  40  3:42  Stimpack  
  40  3:45  SCV  
  41  3:53  Banshee  
  32  4:46  Hellion  
  32  4:47  Hellion  
  32  4:52  Fusion Core  
  36  4:56  Command Center  
  36  5:08  Hellion x2  
  40  5:15  Barracks  
  40  5:18  Barracks  
  40  5:21  Combat Shield  
  40  5:53  Battlecruiser  
  40  5:54  SCV  
  47  6:06  Cloaking Field  
  47  6:21  Barracks Reactor x2  
  47  6:26  Orbital Command  
  47  6:41  Engineering Bay  
  47  6:57  Battlecruiser  
  53  7:01  Marine x4  
  53  7:02  Marine  
  53  7:07  SCV  
  53  7:08  SCV  
  60  7:12  Terran Infantry Weapons Level 1  
  60  7:19  SCV  
  61  7:45  Hellion x2, Marine x3  
  61  7:46  Marine x2  
  70  7:53  Starport  
  70  8:03  Marine  
  68  8:10  Marine x4  
  55  8:14  Medivac  
  50  8:22  Barracks  
  50  8:26  Marine  
  51  8:27  Barracks, SCV x2  
  51  8:28  Marine  
  54  8:36  Starport Reactor  
  54  8:39  SCV  
  54  8:40  SCV  
  56  8:43  Marine x3  
  56  8:44  Marine  
  60  9:01  Marine x2  
  60  9:02  Marine x2  
  63  9:03  Marauder  
  63  9:05  Concussive Shells  
  63  9:07  Siege Tank  
  63  9:09  Terran Infantry Armor Level 1  
  69  9:13  Armory  
  69  9:14  Engineering Bay  
  69  9:16  SCV  
  70  9:21  Supply Depot  
  70  9:23  Supply Depot  
  70  9:24  Supply Depot  
  70  9:33  Medivac x2, SCV x2  
  76  9:44  Refinery  
  77  9:45  SCV, Command Center  
  77  9:48  Refinery  
  77  9:49  Barracks Reactor, Barracks Tech Lab  
  77  9:50  Marine x3  
  77  9:51  Marine  
  77  9:52  Marauder  
  83  9:54  Medivac  
  85  10:08  Marauder  
  85  10:09  Marine x2  
  85  10:10  Marine x2  
  91  10:19  Medivac  
  93  10:37  Marauder, Marine x3  
  93  10:38  Marine x2, Marauder  
  102  10:57  Medivac  
  102  10:59  Marauder  
  93  11:18  Marauder, Marine x6  
  86  11:20  Marauder  
  86  11:29  Medivac x3  
  89  11:35  Marine  
  89  11:36  Marine x2  
  89  11:39  Marauder  
  94  12:01  Marine x3, Marauder x2  
  94  12:02  Marine x2  
  98  12:22  Marauder  
  98  12:23  Marauder  
  86  12:47  Marauder x2, Marine x3  
  86  12:48  Marine x2  
  91  13:09  Marauder  
  91  13:10  Missile Turret  
  89  13:13  Missile Turret  
  89  13:14  Missile Turret  
  89  13:15  Missile Turret x2  
  89  13:18  Missile Turret, Marine x3  
  89  13:19  Marine x2  
  92  13:24  Missile Turret  
  90  14:05  Medivac x3  
  90  14:06  Medivac  
  90  14:07  Marauder x2  
  90  14:08  Marine  
  90  14:09  Marine x2  
  102  14:10  Marine  
  102  14:15  Marine  
  102  14:24  Marine  
  102  14:31  Marauder  
Show
View Real Time Build Order
Export as new Build Order

Dufflistic Protoss 

Build Orders: 1 Gate Expand 

Get SALT Encoding   

  12  0:01  Probe  
  13  0:13  Probe  
  14  0:18  Pylon  
  14  0:25  Probe  
  15  0:38  Gateway  
  15  0:41  Probe  
  16  0:45  Assimilator  
  16  0:53  Probe  
  17  1:05  Probe  
  18  1:18  Probe  
  19  1:25  Cybernetics Core  
  19  1:30  Probe  
  20  1:40  Nexus  
  20  1:47  Probe  
  21  1:59  Probe  
  22  2:17  Probe  
  23  2:29  Pylon  
  23  2:33  Pylon  
  23  2:36  Warp Gate (Chrono Boost)  
  23  2:46  Stalker (Chrono Boost)  
  23  2:48  Probe  
  23  2:49  Gateway  
  26  2:58  Gateway  
  26  3:00  Assimilator  
  26  3:03  Probe (Chrono Boost)  
  26  3:04  Probe (Chrono Boost)  
  28  3:10  Assimilator  
  29  3:13  Probe (Chrono Boost)  
  29  3:15  Pylon  
  29  3:18  Probe (Chrono Boost)  
  29  3:19  Probe  
  31  3:27  Stalker (Chrono Boost)  
  31  3:32  Probe  
  34  3:52  Stalker (Chrono Boost)  
  36  4:02  Probe (Chrono Boost)  
  37  4:05  Twilight Council  
  37  4:10  Assimilator  
  37  4:13  Pylon  
  37  4:14  Probe (Chrono Boost)  
  38  4:20  Probe (Chrono Boost)  
  37  4:50  Probe  
  37  4:51  Probe  
  39  4:53  Stalker x3  
  39  4:54  Charge (Chrono Boost)  
  43  5:03  Probe x2, Dark Shrine  
  45  5:09  Templar Archives  
  45  5:14  Gateway  
  45  5:15  Probe x2  
  45  5:16  Gateway  
  45  5:19  Gateway  
  47  5:21  Pylon  
  47  5:42  Probe x2  
  49  5:43  Pylon  
  49  5:49  High Templar x2  
  53  5:59  Pylon  
  53  6:00  Probe x2  
  55  6:08  Psionic Storm  
  55  6:10  Pylon  
  55  6:22  Dark Templar  
  55  6:23  Dark Templar x2  
  55  6:25  Zealot x3  
  65  6:46  Dark Templar  
  67  6:47  Dark Templar  
  67  6:52  Dark Templar  
  71  6:56  Zealot x3  
  75  7:45  Stalker x6  
  55  8:24  Zealot x6  
  51  8:49  High Templar x5  
  51  8:50  High Templar  
  63  9:22  Zealot x5  
  63  9:23  Zealot  
  75  9:40  Nexus  
  75  9:45  Assimilator  
  75  9:48  Assimilator  
  75  9:49  High Templar  
  75  9:50  High Templar x4  
  75  9:51  Pylon  
  85  9:54  Pylon  
  85  9:57  Pylon  
  85  9:58  Pylon  
  85  10:00  Pylon  
  85  10:11  Zealot  
  87  10:24  Zealot x5  
  97  10:44  Zealot x6  
  75  11:22  Archon x3  
  59  11:48  Zealot x3  
  59  11:49  Zealot x3  
  59  12:09  Probe (Chrono Boost)  
  60  12:18  Probe (Chrono Boost)  
  60  12:19  Gateway  
  60  12:20  Gateway  
  60  12:22  Gateway  
  57  12:23  Probe (Chrono Boost)  
  57  12:24  Gateway  
  57  12:26  Gateway  
  57  12:28  Gateway  
  57  12:29  Forge  
  56  12:35  Probe (Chrono Boost)  
  57  12:37  Forge  
  57  12:44  Probe (Chrono Boost)  
  58  12:47  Probe (Chrono Boost)  
  58  12:48  High Templar x2  
  58  12:49  High Templar x4  
  71  12:55  Probe (Chrono Boost), Pylon  
  72  12:59  Pylon  
  72  13:01  Probe  
  73  13:13  Probe  
  73  13:19  Photon Cannon  
  74  13:23  Photon Cannon  
  74  13:32  Photon Cannon  
  74  13:35  Photon Cannon  
  74  13:37  Stalker x6  
  74  13:38  Stalker x6, Photon Cannon  
  98  13:51  Probe  
  98  13:55  Photon Cannon  
  99  13:58  Photon Cannon  
  99  14:02  Photon Cannon  
  99  14:03  Probe  
  100  14:12  Stalker x7  
  100  14:13  Stalker x3  
  100  14:15  Probe  
  119  14:28  Probe  
  120  14:35  Dark Templar x4  
Show
View Real Time Build Order
Export as new Build Order

Ewa Zerg 

Build Orders: Hatch First 

Get SALT Encoding   

  12  0:01  Drone  
  13  0:09  Drone  
  14  0:42  Overlord  
  14  0:44  Hatchery  
  14  0:49  Drone  
  14  1:04  Spawning Pool  
  13  1:08  Extractor  
  12  1:17  Drone  
  12  1:18  Drone x2  
  15  1:29  Drone  
  17  1:40  Drone  
  17  1:51  Zergling x2  
  18  1:54  Queen  
  18  1:55  Queen  
  18  1:59  Drone  
  23  2:08  Zergling x4  
  25  2:16  Drone  
  25  2:20  Drone  
  27  2:22  Overlord  
  27  2:30  Zergling x2  
  27  2:34  Metabolic Boost  
  28  2:43  Drone  
  29  2:49  Drone x2  
  31  2:57  Roach Warren, Extractor  
  29  3:09  Lair  
  29  3:16  Drone x2  
  29  3:17  Drone x3  
  34  3:20  Drone  
  35  3:29  Overlord  
  35  3:35  Drone  
  35  3:43  Spine Crawler  
  35  3:46  Spine Crawler  
  35  3:47  Roach  
  35  3:53  Roach x2  
  39  3:57  Drone  
  40  4:11  Roach  
  39  4:17  Roach x2  
  39  4:19  Overlord x2  
  43  4:43  Drone  
  43  4:44  Drone  
  43  4:45  Drone x4  
  49  4:48  Glial Reconstitution  
  49  4:53  Drone  
  49  4:59  Drone  
  51  5:04  Drone  
  52  5:12  Hatchery  
  51  5:17  Evolution Chamber  
  51  5:19  Spore Crawler, Drone x2  
  51  5:21  Drone  
  52  5:23  Drone x3  
  52  5:24  Drone  
  56  5:31  Extractor  
  56  5:32  Extractor  
  43  5:50  Ravager x4  
  43  5:51  Ravager x2  
  43  5:53  Spore Crawler  
  43  5:56  Spore Crawler  
  47  5:57  Drone  
  47  5:58  Drone x5  
  53  6:05  Drone x4  
  57  6:33  Queen  
  57  6:38  Roach x3  
  57  6:39  Overlord x2  
  65  6:40  Overlord  
  65  6:55  Drone  
  65  7:00  Roach  
  65  7:01  Roach x5  
  78  7:07  Overseer  
  66  7:19  Roach x4  
  68  7:25  Roach  
  68  7:26  Roach x3  
  68  7:29  Roach  
  72  7:41  Roach x4  
  80  7:49  Roach  
  82  7:54  Roach  
  78  7:59  Roach  
  78  8:05  Roach  
  80  8:08  Drone x2  
  80  8:09  Drone x3  
  80  8:12  Roach  
  85  8:17  Roach  
  75  8:32  Roach x4  
  83  8:38  Roach x2  
  85  8:46  Roach x3  
  89  8:49  Overlord x3  
  89  9:04  Drone  
  89  9:05  Overlord  
  89  9:06  Overlord  
  90  9:13  Drone x3  
  90  9:14  Spine Crawler  
  92  9:20  Ravager x4  
  92  9:21  Ravager  
  97  9:24  Drone  
  97  9:25  Drone x2  
  97  9:30  Extractor  
  99  9:33  Drone, Extractor  
  99  9:34  Drone x4  
  104  9:38  Drone x3  
  104  9:44  Zerg Missile Weapons Level 1  
  106  9:54  Roach  
  106  9:55  Roach  
  110  10:01  Roach x3  
  116  10:34  Roach  
  116  10:35  Roach x6  
  130  10:36  Hatchery  
  130  10:37  Overlord x4  
  129  10:48  Drone  
  129  10:49  Overlord x4  
  130  11:04  Roach  
  130  11:05  Roach x4  
  134  11:12  Roach x3  
  124  11:19  Roach x2  
  124  11:20  Roach x3  
  124  11:23  Roach x2  
  112  11:28  Roach x2  
  93  11:34  Roach x2  
  93  11:38  Zerg Ground Armor Level 1  
  93  11:39  Roach  
  89  11:45  Roach x2  
  89  11:52  Roach x2  
  93  11:56  Roach  
  93  12:00  Roach  
  75  12:03  Roach  
  70  12:09  Roach x2  
  70  12:14  Roach  
  71  12:20  Roach x2  
  61  12:24  Roach  
  61  12:28  Zergling x2  
  54  12:38  Hatchery  
  54  12:42  Roach  
  54  12:43  Roach x6  
  61  12:48  Roach x2  
  52  12:59  Roach x2  
  51  13:10  Roach x3  
  47  13:14  Roach  
  36  13:21  Roach  
  37  13:29  Roach  
  33  13:35  Roach  
  13  13:52  Roach x2  
Show
View Real Time Build Order
Export as new Build Order

Esgob Zerg 

Build Orders: Hatch First 

Get SALT Encoding   

  12  0:01  Drone  
  13  0:08  Drone  
  14  0:17  Overlord  
  14  0:41  Hatchery  
  13  0:45  Drone  
  14  0:53  Drone x2  
  16  0:57  Drone  
  17  1:07  Drone  
  18  1:11  Extractor  
  18  1:17  Drone  
  18  1:23  Spawning Pool  
  17  1:28  Drone  
  18  1:39  Drone  
  19  1:50  Drone  
  20  1:54  Drone  
  21  2:02  Overlord  
  21  2:04  Drone, Extractor  
  21  2:13  Queen  
  21  2:14  Queen  
  25  2:17  Drone x2  
  25  2:20  Metabolic Boost  
  27  2:26  Drone x2  
  29  2:36  Drone x2  
  31  2:43  Drone  
  32  2:48  Drone  
  32  2:50  Lair  
  33  2:56  Drone  
  33  2:57  Overlord  
  34  3:06  Drone  
  35  3:13  Drone  
  35  3:15  Drone  
  37  3:23  Drone x4  
  37  3:27  Extractor  
  40  3:28  Overlord x2  
  40  3:29  Extractor  
  40  3:30  Drone  
  40  3:31  Queen  
  40  3:33  Drone  
  43  3:57  Spine Crawler  
  43  4:00  Queen  
  44  4:06  Spire  
  35  4:47  Drone x11  
  46  4:57  Drone  
  47  5:03  Queen  
  47  5:05  Drone x2  
  51  5:15  Spore Crawler  
  51  5:19  Zerg Flyer Weapons Level 1  
  50  5:21  Corruptor x2  
  50  5:25  Drone x2  
  56  5:38  Overseer  
  56  5:48  Corruptor x2  
  60  6:03  Overlord x3  
  60  6:04  Overlord x2  
  60  6:21  Infestation Pit  
  58  6:47  Overseer  
  58  6:57  Corruptor  
  58  6:58  Corruptor x5  
  58  6:59  Overlord  
  58  7:00  Zergling x2  
  58  7:01  Zergling x8  
  75  7:06  Hatchery  
  74  7:26  Mutalisk  
  74  7:27  Mutalisk  
  74  7:28  Zergling x2  
  74  7:29  Zergling x12  
  81  7:48  Zergling x2  
  81  7:49  Zergling x8  
  83  8:04  Corruptor  
  83  8:05  Corruptor  
  82  8:14  Mutalisk x2  
  84  8:21  Zergling x2  
  84  8:22  Zergling x2  
  85  8:35  Zergling x4  
  83  8:55  Drone x5  
  83  8:56  Drone x2  
  83  9:01  Overseer  
  90  9:19  Zerg Flyer Weapons Level 2  
  90  9:22  Hive  
  90  9:23  Zergling x2  
  90  9:24  Spore Crawler, Zergling x10  
  95  9:25  Drone  
  95  9:28  Spore Crawler, Evolution Chamber  
  95  9:30  Spine Crawler  
  93  9:35  Queen x2  
  97  9:42  Corruptor  
  97  9:43  Corruptor x3  
  97  9:44  Zergling x2  
  106  9:46  Overlord x3  
  106  9:52  Spine Crawler  
  105  9:55  Spore Crawler  
  104  10:05  Drone x7  
  111  10:10  Mutalisk  
  111  10:11  Mutalisk x3  
  122  10:21  Drone x3  
  122  10:35  Zergling x8  
  126  10:46  Adrenal Glands  
  126  10:59  Zergling x2  
  126  11:00  Zergling x6  
  87  11:25  Corruptor x4  
  83  11:26  Zergling x2  
  83  11:27  Zergling x8  
  92  11:45  Mutalisk  
  92  11:46  Mutalisk  
  97  11:47  Zergling x2  
  97  11:49  Queen x3  
  100  12:02  Zergling x12  
  106  12:12  Zergling x2  
  106  12:13  Zergling x4  
  107  12:24  Queen x2  
  105  12:36  Zergling x2  
  102  12:37  Zergling x10  
  102  12:43  Zergling x2  
  102  12:44  Zergling x4  
  105  12:56  Zergling x6  
  107  13:04  Zergling x2  
  107  13:05  Zergling x4  
  106  13:15  Hatchery  
  100  13:23  Mutalisk  
  100  13:24  Mutalisk x2  
  104  13:29  Mutalisk  
  104  13:30  Mutalisk x5  
  112  13:58  Zergling x4  
  112  13:59  Overlord x2  
  112  14:00  Overlord x3  
  112  14:08  Mutalisk  
  112  14:09  Mutalisk x2  
  114  14:19  Zergling x4  
  114  14:20  Zergling x10  
  109  14:37  Zergling x2  
Tags
 
Add a new tag
Caveats
  • Supply blocks, unpowered buildings, or Contaminate may cause inaccurate times.
  • Supply counts are checked every 10 seconds.